 Dungeon Crawl Stone Soup version 0.31-a0-636-ge1c0e020e0 (webtiles) character file.

Game seed: 9533085728613258008

4894 Ijustatesigmund the Fighter (level 10, -2/65 HPs)
             Began as a Gargoyle Fighter on Aug 26, 2023.
             Was an Elder of Cheibriados.
             Slain by a purple ugly thing (9 damage)
             ... on level 7 of the Dungeon.
             The game lasted 00:15:09 (7807 turns).

Ijustatesigmund the Fighter (Gargoyle Fighter)      Turns: 7807, Time: 00:15:10

Health: -2/65      AC: 13    Str: 28    XL:     10   Next: 51%
Magic:  15/15      EV: 10    Int: 23    God:    Cheibriados [****..]
Gold:   400        SH:  0    Dex: 18    Spells: 13/16 levels left

rFire   . . .        s - +0 morningstar (protect)
rCold   . . .        c - +0 buckler
rNeg    + . .        b - +0 scale mail
rPois   ∞            (no helmet)
rElec   +            j - +1 cloak
rCorr   .            (no gloves)
SInv    .            (no boots)
Will    .....        (no amulet) Stlth
                     (no ring)
HPRegen 0.30/turn    (no ring)
MPRegen 0.14/turn

%: no passive effects
@: confused, mighty, ambrosia-drunk, corroded, very slow
A: sickness immunity, AC +7, negative energy resistance 1, electricity
resistance, torment resistance 1, petrification resistance
a: Renounce Religion, Bend Time, Temporal Distortion, Slouch


You were on level 7 of the Dungeon.
You worshipped Cheibriados.
Cheibriados was greatly pleased with you.
You visited 1 branch of the dungeon, and saw 8 of its levels.

You collected 426 gold pieces.
You spent 26 gold pieces at shops.

Inventory:

Hand Weapons
 a - a +1 flail
 s - a +0 morningstar of protection (weapon)
Armour
 b - a +0 scale mail (worn)
 c - a +0 buckler (worn)
 j - a +1 cloak (worn)
 u - a +0 kite shield
Jewellery
 f - a ring of ice
 p - the ring "Renolevup" {*Slow +Blink rN+ Str-2 Dex+9}
   (You found it on level 5 of the Dungeon)

   [ring of positive energy]

   Str-2:     It affects your strength (-2).
   Dex+9:     It affects your dexterity (+9).
   rN+:       It protects you from negative energy.
   +Blink:    It lets you blink.
   *Slow:     It may slow you when you take damage.
 q - a ring of fire
Talismans
 n - a beast talisman
Wands
 e - a wand of mindburst (14)
 o - a wand of iceblast (2)
Scrolls
 l - a scroll of enchant weapon
 m - 2 scrolls of identify
 v - a scroll of immolation
Potions
 d - a potion of might
 g - a potion of haste
 h - a potion of brilliance
 i - 2 potions of resistance
 k - 2 potions of lignification
 r - a potion of invisibility {unknown}
 t - 2 potions of attraction
 w - a potion of ambrosia
 z - 2 potions of enlightenment


   Skills:
 + Level 8.4 Fighting
 + Level 7.3 Maces & Flails
 + Level 7.8 Armour
 - Level 3.2 Shields
 + Level 3.6 Spellcasting
 + Level 4.3 Conjurations
 + Level 4.9 Earth Magic
 + Level 6.2 Invocations


You had 13 spell levels left.
You knew the following spells:

 Your Spells              Type           Power      Damage    Failure   Level
a - Stone Arrow           Conj/Erth      50%        3d10      11%         3

Your spell library contained the following spells:

 Spells                   Type           Power      Damage    Failure   Level
 Sandblast                Erth           54%        2d13      3%          1
 Passwall                 Tmut/Erth      12%        N/A       14%         2
 Summon Small Mammal      Summ           16%        N/A       26%         1
 Ensorcelled Hibernation  Hex/Ice        8%         N/A       36%         2
 Wereblood                Tmut           4%         N/A       36%         2
 Call Canine Familiar     Summ           4%         N/A       61%         3
 Summon Guardian Golem    Hex/Summ       4%         N/A       61%         3
 Swiftness                Air            4%         N/A       61%         3
 Petrify                  Tmut/Erth      15%        N/A       67%         4
 Olgreb's Toxic Radiance  Pois           4%         N/A       95%         4
 Irradiate                Conj/Tmut      7%         3d14      96%         5
 Discord                  Hex            2%         N/A       100%        8
 Ignition                 Fire           2%         3d3       100%        8
 Sublimation of Blood     Necr           Unusable   N/A       N/A         2

Dungeon Overview and Level Annotations

Branches:
Dungeon (8/15)             Temple (0/1) D:5
   Lair: D:8-11

Altars:
Ashenzari
Cheibriados
Gozag

Shops:
D:1 ?   D:4 [   D:6 *


Innate Abilities, Weirdness & Mutations

You are immune to sickness and miasma.
Your stone body is resilient. (AC +7)
You are immune to poison.
You resist negative energy. (rN+)
You are resistant to electric shocks. (rElec)
You are resistant to unholy torment.
You are immune to petrification.


Message History

The brown ugly thing is almost dead.
You block the brown ugly thing's attack.
Okay, then.
You feel very mighty all of a sudden.
The brown ugly thing bites you but does no damage.
You completely miss the brown ugly thing.
The brown ugly thing is almost dead.
The brown ugly thing bites you. The acid corrodes you!
You are splashed with acid!
You block the brown ugly thing's attack.
You impale the brown ugly thing!!
You kill the brown ugly thing!
Cheibriados appreciates the change of pace.
You hit the purple ugly thing.
The purple ugly thing is lightly wounded.
The purple ugly thing headbutts you!
* * * LOW HITPOINT WARNING * * *
You closely miss the purple ugly thing.
The purple ugly thing headbutts you but does no damage.
You block the purple ugly thing's attack.
Okay, then.
Okay, then.
Okay, then.
Aiming: Mindburst
Press: ? - help, Shift-Dir - straight line, f - purple ugly thing
Aim: a purple ugly thing (chance to affect: 47%)
The purple ugly thing resists with some effort.
The purple ugly thing headbutts you but does no damage.
Activating: Slouch (14% risk of failure)
Press: ? - help, Dir - look around, f - activate You can feel time thicken for a moment.
Cheibriados lowers the support of your attributes as your movement quickens.
The purple ugly thing headbutts you.
* * * LOW HITPOINT WARNING * * *
It was a potion of ambrosia.
You are confused.
You feel invigorated. The purple ugly thing headbutts you!
* * * LOW HITPOINT WARNING * * *
You bump into the stone wall.
The purple ugly thing headbutts you!
You die...

♣u♣ #♣.♣.♣#...#.#.#...###### ♣○♣
♣♣.♣♣#...#.#.#...#(.... #E# ♣.♣
#...#.#.#...#.##+# ♣○♣
♣♣.♣♣#...#.#.#...#.#...
♣.♣#♣♣E♣♣#♣...♣#.....#.#.....#.⌠.
♣.).e♣z†).....#.#...#.#.....#...
♣.♣#♣♣.♣♣#♣...♣#.....^(#.##..##'#
♣.♣ ♣♣.♣♣#u###.###.##...... ###
### #@# #..##.##...### ........#
#...#.#....... #########
#.#...#....### #.##.>...#<..#
#.###.#......# #.# #.##.#...# #.#
#....#.#.# #.. .........# ##
######.###


You could see a purple ugly thing.

Vanquished Creatures
  An ugly thing (D:7)
  Maurice (D:8)
  2 hornets (D:7)
  A wyvern (D:8)
  A steam dragon (D:8)
  Edmund (D:6)
  3 water moccasins (D:7)
  2 sky beasts
  An orc warrior (D:8)
  An ice beast (D:7)
  2 black bears
  An ogre (D:6)
  A phantom (D:5)
  3 bullfrogs
  4 scorpions
  3 wights (D:6)
  7 killer bees
  A howler monkey (D:7)
  10 hounds
  A jelly (D:6)
  Crazy Yiuf (D:3)
  3 orc priests (D:7)
  3 sleepcaps
  Jessica (D:3)
  7 iguanas
  Ijyb (D:2)
  Natasha (twice) (D:3)
  5 orc wizards
  Robin (D:4)
  9 adders
  12 gnolls
  A shadow imp (D:7)
  A white imp (D:7)
  3 ufetubi
  A worm (D:3)
  2 dart slugs
  21 orcs
  9 ball pythons
  5 bats
  6 endoplasms
  4 giant cockroaches
  20 goblins
  4 hobgoblins
  6 jackals
  3 quokkas
  2 frilled lizards (D:2)
  5 kobolds
  3 rats
188 creatures vanquished.

Vanquished Creatures (collateral kills)
  4 killer bees (D:8)
4 creatures vanquished.

Grand Total: 192 creatures vanquished

Notes
Turn   | Place    | Note
-------+----------+-------------------------------------------
     0 | D:1      | Ijustatesigmund the Gargoyle Fighter began the quest for
                  | the Orb.
     0 | D:1      | Reached XP level 1. HP: 14/14 MP: 1/1
    98 | D:1      | Reached XP level 2. HP: 19/19 MP: 2/2
   525 | D:1      | Found Jixomoha's Magic Scroll Shop.
   530 | D:1      | Bought a scroll of identify for 26 gold pieces
   805 | D:2      | Reached XP level 3. HP: 21/24 MP: 3/3
   822 | D:2      | Reached skill level 4 in Fighting
   975 | D:2      | Reached XP level 4. HP: 24/29 MP: 4/4
  1306 | D:2      | Found a faded altar of an unknown god.
  1481 | D:3      | Noticed Ijyb
  1496 | D:2      | Killed Ijyb
  1680 | D:3      | Reached XP level 5. HP: 18/34 MP: 5/5
  1845 | D:3      | Found a broken altar of Ashenzari.
  2048 | D:3      | Noticed Natasha
  2061 | D:3      | Killed Natasha
  2090 | D:3      | Noticed Natasha
  2096 | D:3      | Killed Natasha
  2097 | D:3      | Reached skill level 5 in Fighting
  2119 | D:3      | Noticed Jessica
  2130 | D:3      | Reached XP level 6. HP: 36/40 MP: 6/6
  2132 | D:3      | Killed Jessica
  2133 | D:3      | Found a snail-covered altar of Cheibriados.
  2144 | D:3      | Found an opulent altar of Gozag.
  2180 | D:3      | Became a worshipper of Cheibriados the Contemplative
  2247 | D:3      | Found a runed translucent door.
  2248 | D:3      | Noticed Crazy Yiuf
  2482 | D:3      | Killed Crazy Yiuf
  2552 | D:3      | Reached skill level 1 in Invocations
  2705 | D:4      | Identified the +3 chain mail "Jeojihad" {rN+ Regen+ rCorr}
  2938 | D:4      | Reached * piety under Cheibriados
  3040 | D:4      | Reached XP level 7. HP: 42/45 MP: 8/8
  3113 | D:4      | Reached skill level 5 in Armour
  3132 | D:4      | HP: 2/45 [killer bee (4)]
  3137 | D:4      | Reached skill level 6 in Fighting
  3137 | D:4      | Reached skill level 5 in Maces & Flails
  3354 | D:4      | Found Diowneah's Armour Shoppe.
  3529 | D:4      | Noticed Robin
  3535 | D:4      | Reached XP level 8. HP: 49/51 MP: 10/10
  3547 | D:4      | Killed Robin
  3643 | D:5      | Entered Level 5 of the Dungeon
  3749 | D:5      | Found a staircase to the Ecumenical Temple.
  3839 | D:5      | Identified the ring "Renolevup" {*Slow +Blink rN+ Str-2
                  | Dex+9}
  4006 | D:5      | Reached ** piety under Cheibriados
  4149 | D:5      | You fall into a shaft and drop 1 floor!
  4729 | D:6      | Found Ytei's Assorted Antiques.
  4779 | D:6      | Learned a level 3 spell: Stone Arrow
  4996 | D:6      | Reached skill level 7 in Fighting
  4996 | D:6      | Reached skill level 1 in Earth Magic
  5052 | D:6      | Reached skill level 1 in Conjurations
  5271 | D:6      | Noticed Edmund
  5283 | D:6      | Killed Edmund
  5284 | D:6      | Reached skill level 1 in Spellcasting
  5406 | D:6      | Reached XP level 9. HP: 57/57 MP: 12/12
  5829 | D:7      | Reached *** piety under Cheibriados
  6191 | D:7      | Reached skill level 5 in Invocations
  6367 | D:7      | Noticed a hornet
  6376 | D:7      | Noticed a hornet
  6377 | D:7      | Killed a hornet
  6387 | D:7      | Killed a hornet
  6388 | D:7      | Reached skill level 8 in Fighting
  6395 | D:7      | Reached **** piety under Cheibriados
  6403 | D:7      | Reached XP level 10. HP: 43/64 MP: 9/14
  6404 | D:7      | Noticed a deep elf pyromancer
  6413 | D:7      | Noticed a cyan ugly thing
  6825 | D:8      | Noticed Maurice
  7026 | D:8      | Killed Maurice
  7784 | D:7      | Noticed a green ugly thing
  7801 | D:7      | Killed a brown ugly thing
  7806 | D:7      | HP: 2/65 [purple ugly thing (15)]
  7807 | D:7      | Slain by a purple ugly thing

Illustrated notes

Levels and vault maps discovered:
D:1:      lemuel_arrival_cross, layout_loops_ring, serial_shops, shop
D:2:      layout_loops_ring, chequers_ecumenical_altar_twisty,
          minmay_strange_pillars, dk_noncrumbling_2
D:3:      layout_rooms, mainiacjoe_overflow_six_doors_small,
          jmf_multi_god_temple, hangedman_decor_riveting,
          uniq_crazy_yiuf_cottage, uniq_natasha, uniq_jessica, uniq_ijyb
D:4:      kennysheep_the_goblin_king, layout_basic, serial_shops, shop,
          uniq_robin
D:5:      dreamdust_elfheim, layout_loops_corners,
          minmay_temple_entry_glassed_door
D:6:      layout_basic, serial_shops, nicolae_shop_window_shopping,
          corexii_leaking_fountain, minmay_fractal_squares_gapless_5,
          uniq_edmund
D:7:      nzn_winding_woodlands_medium [nzn_winding_woodlands_5x5_closed_star,
          nzn_winding_woodlands_5x15_twine, nzn_winding_woodlands_5x5_open_star,
          nzn_winding_woodlands_5x5_default,
          nzn_winding_woodlands_center_pierced_h,
          nzn_winding_woodlands_5x5_cross, nzn_winding_woodlands_5x5_perimeter,
          nzn_winding_woodlands_5x15_crooked,
          nzn_winding_woodlands_5x5_checkerboard], layout_basic,
          minmay_misc_feat_diagonals, hangedman_abyss_or_decor_stabs,
          nicolae_specific_store, minmay_misc_feat_room
D:8:      layout_gridville, enter_ossuary_1, uniq_maurice

Skill      XL: |  1  2  3  4  5  6  7  8  9 10 |
---------------+-------------------------------+-----
Fighting       | 4 5 6 7 8 |  8.4
Maces & Flails | 3 4 5 6 7 |  7.3
Armour         | 4 5 6 7 |  7.8
Invocations    | 1 3 4 5 6 |  6.2
Earth Magic    | 1 4 |  4.9
Conjurations   | 1 3 4 |  4.3
Spellcasting   | 1 3 |  3.6
Shields        | |  3.2

Action                     |  1- 3 |  4- 6 |  7- 9 | 10-12 || total
---------------------------+-------+-------+-------+-------++-------
  Melee: Flail             |    93 |   238 |   200 |       ||   531
         Morningstar       |       |       |   209 |   100 ||   309
   Cast: Stone Arrow       |       |       |     2 |       ||     2
 Invoke: Bend Time         |       |       |     1 |       ||     1
         Slouch            |       |       |       |     1 ||     1
  Evoke: Wand              |       |       |     4 |     2 ||     6
    Use: Scroll            |     2 |     7 |     8 |     4 ||    21
         Potion            |       |     1 |     5 |     3 ||     9
 Armour: Scale mail        |    63 |   146 |   284 |    97 ||   590
  Dodge: Dodged            |    57 |   118 |   215 |    67 ||   457
  Block: Buckler           |    18 |    50 |   120 |    42 ||   230

Table legend: (Time is in decaauts)
 A = Elapsed time spent in this place.
 B = Non-inter-level travel time spent in this place.
 C = Inter-level travel time spent in this place.
 D = Time resting spent in this place.
 E = Time spent auto-exploring this place.
 F = Levels seen in this place.
 G = Mean time per level.
                   A        B        C        D        E       F      G
               +--------+--------+--------+--------+--------+-----+--------+
         Total |   9588 |   9366 |    222 |   1139 |   6380 |   8 | 1198.5 |
       Dungeon |   9588 |   9366 |    222 |   1139 |   6380 |   8 | 1198.5 |
               +--------+--------+--------+--------+--------+-----+--------+

Top non-repeatable levels by time:
     D:6: 1517 daAuts
     D:5: 1383 daAuts
     D:8: 1380 daAuts
     D:7: 1285 daAuts
     D:4: 1280 daAuts
     D:3: 1087 daAuts
     D:2: 933 daAuts
     D:1: 719 daAuts
